 Dungeon Crawl Stone Soup version 0.28-b1-25-g9875b3fc8c (webtiles) character file.

Game seed: 14716391378512979868

91 inmateoo the Skirmisher (level 4, 0/45 HPs)
             Began as a Troll Abyssal Knight on Feb 5, 2022.
             Was a Believer of Lugonu.
             Succumbed to a hornet's poison
             ... on level 4 of the Dungeon.
             The game lasted 00:01:32 (2108 turns).

inmateoo the Skirmisher (Troll Abyssal Knight)      Turns: 2108, Time: 00:01:32

Health: 0/45       AC:  4    Str: 23    XL:     4   Next: 33%
Magic:  4/4        EV: 14    Int:  6    God:    Lugonu [**....]
Gold:   135        SH:  0    Dex: 10    Spells: 3/3 levels left

rFire   . . .      SeeInvis .     - Unarmed
rCold   . . .      Faith    .   (no shield)
rNeg    . . .      Spirit   .   a - +0 robe
rPois   .          Reflect  .   (helmet restricted)
rElec   .          Harm     .   (no cloak)
rCorr   .          Rampage  .   (gloves unavailable)
Will    .....                   (boots unavailable)
Stlth   +.........              (no amulet)
HPRegen 0.95/turn               f - +4 ring of evasion
MPRegen 0.09/turn               (no ring)

@: lethally poisoned (0 -> -6), attractive, slowed, very slow
A: large, unfitting armour, claws 3, regeneration 1, shaggy fur 1, tough skin 1
a: Renounce Religion, Depart the Abyss, Bend Space


You were on level 4 of the Dungeon.
You worshipped Lugonu.
Lugonu was pleased with you.
You visited 1 branch of the dungeon, and saw 4 of its levels.
You visited the Abyss 1 time.

You collected 135 gold pieces.

Inventory:

Missiles
 g - 81 stones
Armour
 a - a +0 robe (worn)
Jewellery
 f - a +4 ring of evasion (left claw)
Wands
 i - a wand of iceblast (12)
Scrolls
 b - a scroll of enchant weapon {unknown}
 c - 2 scrolls of teleportation {unknown}
 h - a scroll of blinking {unknown}
 j - a scroll of identify {unknown}
Potions
 d - a potion of brilliance {unknown}
 e - 2 potions of attraction
 k - a potion of haste {unknown}
 l - a potion of might {unknown}
 m - a potion of curing {unknown}


   Skills:
 + Level 3.0 Fighting
 + Level 1.4 Armour
 + Level 2.5 Dodging
 + Level 2.8 Unarmed Combat
 - Level 1.5 Invocations


You had 3 spell levels left.
You didn't know any spells.
Your spell library was empty.

Dungeon Overview and Level Annotations

Branches:
Dungeon (4/15)
 Temple: D:4-7

Altars:
Fedhas

Shops:
D:1 [

Annotations:
D:3 1 runed translucent door, sanka's ghost, amateur TeEn


Innate Abilities, Weirdness & Mutations

You are too large for most types of armour.
You have claws for hands.
Your natural rate of healing is unusually fast.
You are covered in fur. (AC +1)
You have tough skin. (AC +1)


Message History

You claw the goblin!
You kill the goblin!
Lugonu accepts your kill.
You claw the endoplasm!
You kill the endoplasm!
Lugonu accepts your kill.
You now have 135 gold pieces (gained 17).
m - a bubbling inky potion No target in view!
A hornet comes into view.
The hornet buzzes angrily.
A hornet is nearby!
The hornet barely misses you. The hornet stings you.
You are poisoned.
You feel yourself slow down.
You scratch the hornet.
The hornet is lightly wounded.
You feel yourself speed up.
You feel very sick. The hornet completely misses you.
The hornet barely misses you.
You scratch the hornet but do no damage.
The hornet is lightly wounded.
You feel sick. The hornet stings you!
You feel yourself slow down.
You scratch the hornet.
The hornet is lightly wounded.
You feel sick. The hornet closely misses you. The hornet stings you.
You are more poisoned.
You feel as though you will be slow longer.
You scratch the hornet.
The hornet is moderately wounded.
You feel very sick. The hornet stings you!
You feel as though you will be slow longer.
The hornet stings you!
* * * LOW HITPOINT WARNING * * *
You feel as though you will be slow longer.
Unknown command.
It was a potion of attraction.
You feel attractive to monsters.
You die...

#. ##.# #####
... ... .. ...
#.## #.# #..#
#y# #.###@#
#.....#
#########....#
#......##....#
#......##....#
#......###.#.#
#...)..# #...#
#......# ##..#
#......####.>#


You could see a hornet.

Vanquished Creatures
  4 adders
  2 worms (D:3)
  A dart slug (D:1)
  An orc (D:3)
  A ball python (D:2)
  5 endoplasms
  2 giant cockroaches
  5 goblins
  2 hobgoblins
  2 jackals (D:2)
  3 kobolds
  3 quokkas
  7 bats
  6 rats
44 creatures vanquished.

Notes
Turn   | Place    | Note
-------+----------+-------------------------------------------
     0 | Abyss:1  | inmateoo the Troll Abyssal Knight began the quest for the
                  | Orb.
     0 | Abyss:1  | Reached XP level 1. HP: 22/22 MP: 1/1
     1 | Abyss:1  | Found a corrupted altar of Lugonu.
     2 | D:1      | Escaped the Abyss
    64 | D:1      | Found a faded altar of an unknown god.
   109 | D:1      | Reached * piety under Lugonu
   183 | D:1      | Reached XP level 2. HP: 28/29 MP: 2/2
   334 | D:1      | Found Edodel's Armour Emporium.
   875 | D:2      | Reached skill level 1 in Armour
   875 | D:2      | Reached XP level 3. HP: 31/36 MP: 3/3
  1285 | D:3      | Found a runed translucent door.
  1285 | D:3      | Noticed sanka's ghost (amateur TeEn)
  1527 | D:3      | Reached XP level 4. HP: 43/44 MP: 4/4
  1536 | D:3      | Reached ** piety under Lugonu
  1873 | D:3      | Reached skill level 3 in Fighting
  1877 | D:3      | Found a blossoming altar of Fedhas.
  2101 | D:4      | Noticed a hornet
  2107 | D:4      | HP: 2/45 [hornet (12)]
  2108 | D:4      | Succumbed to a hornet's poison

Illustrated notes

Levels and vault maps discovered:
D:1:      dpeg_arrival_pits, layout_loops_ring, serial_shops,
          nicolae_shop_advertising_works [nicolae_subvault_shop_adworks],
          shapermc_ecumenical_altar_venn
D:2:      layout_loops_cross
D:3:      layout_basic, fedhas_altar_fruit_tree, hellmonk_ghost_happy_afterlife
D:4:      layout_basic

Skill      XL: |  1  2  3  4 |
---------------+-------------+-----
Dodging        | 2 |  2.5
Armour         | 1 |  1.4
Fighting       | 3 |  3.0
Unarmed Combat | |  2.8
Invocations    | |  1.5

Action                   |  1- 3 |  4- 6 || total
-------------------------+-------+-------++-------
Melee: Unarmed           |   106 |    24 ||   130
       Punch             |     2 |     2 ||     4
Invok: Depart the Abyss  |     1 |       ||     1
  Use: Potion            |       |     1 ||     1
 Stab: Sleeping          |     1 |       ||     1
       Distracted        |       |     1 ||     1
Armor: Robe              |    27 |     1 ||    28
Dodge: Dodged            |    96 |    11 ||   107
